 Dungeon Crawl Stone Soup version 0.26-a0-1038-gfb849e850a (webtiles) character file.

Game seed: 1415597740075491545

0 EnegeticOcto the Sneak (level 1, 0/18 HPs)
             Began as a Demonspawn Delver on Dec 11, 2020.
             Slain by a hound (5 damage)
             ... on level 4 of the Dungeon.
             The game lasted 00:01:56 (153 turns).

EnegeticOcto the Sneak (Demonspawn Delver)           Turns: 153, Time: 00:01:57

Health: 0/18       AC:  3    Str: 12    XL:     1   Next: 8%
Magic:  1/1        EV: 12    Int: 11    God:
Gold:   17         SH:  0    Dex: 14    Spells: 0/0 levels left

rFire    . . .     SeeInvis .   a - +0 spear
rCold    . . .     Faith    .   (no shield)
rNeg     . . .     Spirit   .   b - +0 leather armour
rPois    .         Reflect  .   (no helmet)
rElec    .         Harm     .   (no cloak)
rCorr    .         Rampage  .   (no gloves)
Will     .....                  (no boots)
Stlth    ++........             (no amulet)
HPRegen  0.06/turn              (no ring)
MPRegen  0.07/turn              (no ring)

@: hasted, very quick
A: no striking features
a: no special abilities


You were on level 4 of the Dungeon.
You visited 1 branch of the dungeon, and saw 2 of its levels.

You collected 17 gold pieces.

Inventory:

Hand Weapons
 a - a +0 spear (weapon)
Armour
 b - a +0 leather armour (worn)
Wands
 g - a wand of digging (3) {@v3}
Scrolls
 c - a scroll of fog {!r}
 e - a scroll of fear {!r}
 h - a scroll of identify {@r1}


   Skills:
 - Level 3.0 Fighting
 + Level 1.8 Polearms
 - Level 1.7 Dodging
 - Level 4.5 Stealth


You couldn't memorise any spells.
You didn't know any spells.
Your spell library was empty.

Dungeon Overview and Level Annotations

Branches:
Dungeon (5/15)
 Temple: D:4-7

Altars:

Annotations:
D:4 Edmund


Message History

Welcome, EnegeticOcto the Demonspawn Delver.
It is said that the Orb of Zot exists deep within this dungeon.
Press ? for a list of commands and other information.
Found a stone staircase leading down.
Okay, then.
Found a barding.
Found a scroll labelled PEITUL ERPHEI.
Found a scroll labelled PEITUL ERPHEI.
h - a scroll labelled PEITUL ERPHEI
h - 2 scrolls labelled PEITUL ERPHEI (gained 1)
Found 17 gold pieces.
You now have 17 gold pieces.
Found a scroll labelled UFFEGOMYKO.
A leopard gecko skeleton comes into view.
Found a scroll labelled UCUNOS ELLIO.
You reach to attack!
You closely miss the leopard gecko skeleton.
You hit the leopard gecko skeleton but do no damage.
The leopard gecko skeleton bites you but does no damage.
You hit the leopard gecko skeleton.
The leopard gecko skeleton is severely damaged.
The leopard gecko skeleton closely misses you.
You hit the leopard gecko skeleton.
You destroy the leopard gecko skeleton!
No target in view!
An iguana comes into view.
Found a runed hat.
Found a stone staircase leading up.
An ice beast comes into view.
You open the door.
There is an open door here.
There is a stone staircase leading up here.
You climb upwards.
You hear the sound of rushing water.
There is an entrance to a sewer on this level.
Hurry and find it before the portal rusts away!
A hound and Edmund come into view.
Edmund is wielding a +0 dire flail of venom and wearing a +1 ring mail of poison resistance.
Found 29 sling bullets.
There is a stone staircase leading down here.
Okay, then.
As you read the scroll labelled PEITUL ERPHEI, it crumbles to dust.
It is a scroll of identify.
You don't have any unidentified items.
Unknown command.
Really read
d - a scroll of magic mapping {@r5 !r}?
As you read the scroll of magic mapping {@r5 !r}, it crumbles to dust.
You feel aware of your surroundings.
You sensed 2 altars, and 1 shop/portal.
The hound bites you but does no damage. The hound bites you.
You see here 29 sling bullets.
The hound closely misses you.
Found a potion of haste.
The hound misses you. The hound closely misses you.
Found a robe.
Found a stone staircase leading up.
You barely miss the hound.
The hound pauses to sniff the ground.
The hound closely misses you.
You hit the hound.
The hound is lightly wounded.
The hound bites you. The hound barely misses you.
You hit the hound.
The hound is moderately wounded.
The hound closely misses you.
You hit the hound but do no damage.
The hound is moderately wounded.
The hound misses you. x2
You hit the hound.
The hound is moderately wounded.
The hound bites you.
You hit the hound.
The hound is moderately wounded.
The hound barely misses you. The hound closely misses you.
You hit the hound but do no damage.
The hound is moderately wounded.
The hound closely misses you.
You hit the hound.
The hound is heavily wounded.
The hound bites you. x2
Really quaff
f - a potion of haste {@q4 !q}?
You feel yourself speed up. The hound bites you.
* * * LOW HITPOINT WARNING * * *
You see here a robe.
The hound closely misses you.
Found a stone staircase leading down.
There is a stone staircase leading up here.
You closely miss the hound.
The hound is heavily wounded.
You hit the hound.
The hound is heavily wounded.
The hound bites you.
You die...

,*
*,,,,,,,,,,*#..#******
,****,**********#..#
,,,,,,* #..#
,****############..###
,,,,,..@....>.....(..#
,****###############.#
,,,* #.# ,*,*
*###########.# ,*,*
*.......@h[.!# ,*,*
*>############ **,*
*,* **,*** **,**
,,,,,***,,,*
**,*,,,,,*,*
*,,,***,,,* *,***
***** *,*


You could see a hound.

Vanquished Creatures
  A leopard gecko skeleton (D:5)
1 creature vanquished.

Notes
Turn   | Place    | Note
-------+----------+-------------------------------------------
     0 | D:5      | EnegeticOcto the Demonspawn Delver began the quest for the
                  | Orb.
     0 | D:5      | Reached XP level 1. HP: 18/18 MP: 1/1
    84 | D:5      | Noticed an iguana
   104 | D:5      | Noticed an ice beast
   126 | D:4      | Noticed Edmund
   126 | D:4      | Noticed a hound
   153 | D:4      | Slain by a hound

Illustrated notes

Levels and vault maps discovered:
D:4:      layout_loops_ring, lemuel_round_altar, lemuel_coloured_pillars_altar,
          portal_sewer_entry_f, uniq_edmund, uniq_sigmund,
          uniq_crazy_yiuf_cottage
D:5:      layout_basic, lemuel_round_altar, minitemple, tgw_sif, uniq_grinder

Action                   || total
-------------------------++-------
Melee: Spear             ||    14
  Use: Scroll            ||     2
       Potion            ||     1
Armor: Leather armour    ||     2
Dodge: Dodged            ||    13

Table legend: (Time is in decaauts)
 A = Elapsed time spent in this place.
 B = Non-inter-level travel time spent in this place.
 C = Inter-level travel time spent in this place.
 D = Time resting spent in this place.
 E = Time spent auto-exploring this place.
 F = Levels seen in this place.
 G = Mean time per level.
                   A        B        C        D        E       F      G
               +--------+--------+--------+--------+--------+-----+--------+
         Total |    151 |    151 |      0 |      0 |      0 |   2 |   75.5 |
       Dungeon |    151 |    151 |      0 |      0 |      0 |   2 |   75.5 |
               +--------+--------+--------+--------+--------+-----+--------+

Top non-repeatable levels by time:
     D:5: 126 daAuts
     D:4: 25 daAuts
